 Dungeon Crawl Stone Soup version 0.29-a0-330-g52719c12eb (webtiles) character file.

Game seed: 11581720051677837314

126 Gergoth the Grave Robber (level 4, 0/30 HPs)
             Began as a Mummy Necromancer on May 3, 2022.
             Slain by a goblin
             ... wielding a +0 club
              (3 damage)
             ... on level 4 of the Dungeon.
             The game lasted 00:07:46 (3473 turns).

Gergoth the Grave Robber (Mummy Necromancer)        Turns: 3473, Time: 00:07:47

Health: 0/30       AC:  2    Str: 11    XL:     4   Next: 83%
Magic:  10/10      EV: 12    Int: 16    God:
Gold:   148        SH:  0    Dex: 12    Spells: 10/12 levels left

rFire   x . .      SeeInvis .   b - +0 spear
rCold   + . .      Faith    .   (no shield)
rNeg    + + +      Spirit   .   a - +0 robe
rPois   ∞          Reflect  .   (no helmet)
rElec   .          Harm     .   (no cloak)
rCorr   .          Rampage  .   (no gloves)
Will    .....                   (no boots)
Stlth   ++........              (no amulet)
HPRegen 0.10/turn               (no ring)
MPRegen 0.12/turn               (no ring)

@: no status effects
A: cold resistance 1, negative energy resistance 3, torment resistance 2, heat
vulnerability 1, in touch with death 1, no potions
a: no special abilities


You were on level 4 of the Dungeon.
You visited 1 branch of the dungeon, and saw 4 of its levels.

You collected 148 gold pieces.

Inventory:

Hand Weapons
 b - a +0 spear (weapon)
 e - a +0 dagger
 f - a +0 glaive
Armour
 a - a +0 robe (worn)
 g - a +0 plate armour
 l - a +0 chain mail
 p - a +0 ring mail
 q - a +0 ring mail
Scrolls
 c - 6 scrolls of identify {unknown}
 d - a scroll of fog {unknown}
 h - a scroll of torment {unknown}
 i - a scroll of teleportation {unknown}
 j - a scroll of enchant armour {unknown}
 k - a scroll of silence {unknown}
 m - a scroll of enchant weapon {unknown}
 n - 2 scrolls of immolation {unknown}
 o - a scroll of noise {unknown}


   Skills:
 - Level 1.6 Dodging
 - Level 1.6 Stealth
 + Level 4.7 Spellcasting
 + Level 5.2 Necromancy


You had 10 spell levels left.
You knew the following spells:

 Your Spells              Type           Power      Damage    Failure   Level
a - Pain                  Necr           100%       1d9       1%          1
b - Animate Skeleton      Necr           60%        N/A       1%          1

Your spell library contained the following spells:

 Spells                   Type           Power      Damage    Failure   Level
 Vampiric Draining        Necr           30%        2d8       5%          3
 Freeze                   Ice            12%        1d4       16%         1
 Sandblast                Erth           6%         2d5       16%         1
 Animate Dead             Necr           15%        N/A       19%         4
 Passwall                 Tmut/Erth      2%         N/A       24%         2
 Conjure Flame            Conj/Fire      3%         6-21      43%         3
 Frozen Ramparts          Ice            6%         1d2       43%         3
 Ignite Poison            Fire/Tmut/Pois 3%         N/A       43%         3
 Stone Arrow              Conj/Erth      6%         3d7       43%         3
 Agony                    Necr           30%        N/A       45%         5
 Hailstorm                Conj/Ice       3%         3d3       83%         4
 Sticky Flame             Conj/Fire      3%         2d3       83%         4


Dungeon Overview and Level Annotations

Branches:
Dungeon (4/15)
 Temple: D:4-7

Altars:

Shops:
D:2 (


Innate Abilities, Weirdness & Mutations

You are immune to poison.
Your flesh is cold resistant. (rC+)
You are immune to negative energy. (rN+++)
You are immune to unholy pain and torment.
You are vulnerable to heat. (rF-)
You are in touch with the powers of death.
You do not drink.


Message History

The dead are walking!
Casting: Animate Skeleton (safe; 1% risk of failure)
Confirm with . or Enter, or press ? or * to list all spells.
You feel a surge of power!
You attempt to give life to the dead...
Before your eyes, flesh is ripped from the corpse!
The dead are walking!
You swap places.
Found 16 gold pieces.
Your jackal skeleton crumbles into dust!
Your jackal skeleton crumbles into dust!
A black bear comes into view.
A black bear is nearby!
Found a stone staircase leading down.
Found 3 scrolls labelled MAOVOT PACS.
A scorpion comes into view.
Casting: Animate Skeleton (safe; 1% risk of failure)
Confirm with . or Enter, or press ? or * to list all spells.
Aiming: Pain (safe; 1% risk of failure)
Press: ? - help, Shift-Dir - straight line, f - scorpion
Aim: a scorpion (chance to affect: 83%)
You feel a surge of power!
The scorpion writhes in agony.
The scorpion attacks as you move away! The scorpion barely misses you.
The scorpion stings you.
A goblin comes into view. It is wielding a +0 club.
The scorpion barely misses you. The scorpion attacks as you move away!
The scorpion barely misses you. The scorpion attacks as you move away!
The scorpion stings you. The goblin attacks as you move away!
The goblin hits you with a +0 club. The scorpion attacks as you move away!
The scorpion stings you. The goblin attacks as you move away!
The goblin hits you with a +0 club. The scorpion stings you.
The scorpion attacks as you move away! The scorpion stings you.
* * * LOW HITPOINT WARNING * * *
The goblin attacks as you move away! The goblin barely misses you.
The scorpion attacks as you move away! The scorpion stings you.
* * * LOW HITPOINT WARNING * * *
The goblin attacks as you move away! The goblin closely misses you.
The goblin attacks as you move away! The goblin closely misses you.
The goblin attacks as you move away! The goblin hits you with a +0 club.
You die...

.........###.##(..............
###......##...#.##............
#...........###..##...........
#.......#....#....#...........
#..##......................#.
##..........##..##...........
#..........#####.s..†........
#.##............g...........#
#.........###.#@.#.......#...
##....)...# # #.##.......# ..
#.....)..# #.##..##..##
...........#####.##......#
.#........<.##..........##
###.....#.......#......#
#####......##.#..#...
#.......#### ## #. #.......#


You could see a scorpion and a goblin.

Vanquished Creatures
  An iguana (D:4)
  4 adders
  4 orcs
  5 endoplasms
  3 giant cockroaches (D:1)
  5 goblins
  9 hobgoblins
  3 jackals (D:4)
  2 quokkas
  2 ball pythons
  3 bats
  7 kobolds
  4 rats
52 creatures vanquished.

Vanquished Creatures (collateral kills)
  An orc (D:4)
1 creature vanquished.

Grand Total: 53 creatures vanquished

Notes
Turn   | Place    | Note
-------+----------+-------------------------------------------
     0 | D:1      | Gergoth the Mummy Necromancer began the quest for the Orb.
     0 | D:1      | Reached XP level 1. HP: 13/13 MP: 4/4
   154 | D:1      | Found a faded altar of an unknown god.
   247 | D:1      | Reached XP level 2. HP: 19/19 MP: 4/6
  1111 | D:2      | Found Mij Hoen's Weapon Shop.
  1169 | D:2      | Gained mutation: You are in touch with the powers of death.
                  | [Mummy growth]
  1169 | D:2      | Reached XP level 3. HP: 24/24 MP: 2/8
  1628 | D:2      | Learned a level 1 spell: Animate Skeleton
  2988 | D:3      | Reached XP level 4. HP: 29/30 MP: 2/10
  3208 | D:4      | Reached skill level 5 in Necromancy
  3430 | D:4      | Noticed a black bear
  3447 | D:4      | Noticed a scorpion
  3473 | D:4      | Slain by a goblin

Illustrated notes

Levels and vault maps discovered:
D:1:      shiori_arrival_maze, layout_loops_ring,
          shapermc_ecumenical_altar_notcrosses, minmay_pentomino_u2
D:2:      layout_basic, serial_shops, nicolae_shop_crystal, serial_aquarium,
          aquarium_bridge_straight [aquarium_subvault_bridge,
          aquarium_subvault_window, aquarium_subvault_bridge,
          aquarium_subvault_balcony], aquarium_bridge_square
          [aquarium_subvault_window, aquarium_subvault_balcony,
          aquarium_subvault_bridge, aquarium_subvault_window],
          aquarium_window_double, aquarium_window_corridor_3, aquarium_view_4,
          aquarium_view_2b
D:3:      layout_loops_ring
D:4:      layout_cave_pools, lemuel_temple_firewalk_b

Skill      XL: |  1  2  3  4 |
---------------+-------------+-----
Spellcasting   | 3 4 |  4.7
Necromancy     | 5 |  5.2
Dodging        | |  1.6
Stealth        | |  1.6

Action                   |  1- 3 |  4- 6 || total
-------------------------+-------+-------++-------
Melee: Spear             |    53 |     9 ||    62
       Punch             |     1 |       ||     1
 Cast: Pain              |    58 |    22 ||    80
       Animate Skeleton  |     5 |     5 ||    10
 Stab: Sleeping          |     5 |       ||     5
Armor: Robe              |    14 |     1 ||    15
Dodge: Dodged            |    50 |    10 ||    60

Table legend: (Time is in decaauts)
 A = Elapsed time spent in this place.
 B = Non-inter-level travel time spent in this place.
 C = Inter-level travel time spent in this place.
 D = Time resting spent in this place.
 E = Time spent auto-exploring this place.
 F = Levels seen in this place.
 G = Mean time per level.
                   A        B        C        D        E       F      G
               +--------+--------+--------+--------+--------+-----+--------+
         Total |   3479 |   3427 |     52 |    458 |   2161 |   4 |  869.8 |
       Dungeon |   3479 |   3427 |     52 |    458 |   2161 |   4 |  869.8 |
               +--------+--------+--------+--------+--------+-----+--------+

Top non-repeatable levels by time:
     D:2: 1763 daAuts
     D:1: 752 daAuts
     D:3: 681 daAuts
     D:4: 281 daAuts
